Map: Eternal Empire LE

Players

soul - Winner!

  • Race: Terran Terran
  • League: Grandmaster
  • Spawn Location: 7:00

Rail

  • Race: Protoss Protoss
  • League: Grandmaster
  • Spawn Location: 1:00

Event: DreamHack SC2 Masters 2020 Summer Europe

VOD

Have the link to the VOD?

Description

Time

  • Played on: June 27, 2020, 12:30 p.m.
  • Length: 24:09

All games in this series

Show
View Real Time Build Order
Export as new Build Order

soul Terran - Winner!

Build Orders: Reaper Expand 

Get SALT Encoding   

  12  0:01  SCV  
  13  0:14  SCV  
  14  0:17  Supply Depot  
  14  0:26  SCV  
  15  0:38  SCV  
  15  0:41  Barracks  
  16  0:44  Refinery  
  16  0:50  SCV  
  17  1:02  SCV  
  18  1:14  SCV  
  19  1:28  Reaper, Orbital Command  
  20  1:41  Command Center  
  20  1:52  Supply Depot  
  20  1:53  SCV  
  21  1:59  Bunker  
  21  2:02  Marine  
  22  2:08  SCV  
  23  2:15  Factory  
  23  2:21  SCV  
  23  2:22  Barracks Reactor  
  24  2:26  Refinery  
  24  2:33  SCV  
  25  2:45  SCV  
  26  2:52  Orbital Command  
  26  2:57  SCV  
  27  2:58  Marine x2  
  27  3:00  Starport  
  27  3:01  Widow Mine  
  31  3:09  SCV  
  32  3:19  SCV, Marine x2  
  35  3:21  SCV  
  35  3:25  Widow Mine  
  38  3:31  SCV  
  38  3:33  SCV  
  40  3:35  Supply Depot  
  40  3:37  Medivac  
  40  3:41  Marine x2  
  43  3:43  SCV  
  43  3:45  SCV  
  43  3:47  Factory Tech Lab  
  43  3:48  Armory  
  46  3:56  SCV  
  46  3:57  Barracks  
  46  4:00  Supply Depot  
  46  4:01  SCV  
  46  4:02  Marine  
  49  4:04  Marine  
  49  4:08  SCV  
  51  4:13  Siege Tank  
  54  4:20  Starport Tech Lab  
  54  4:21  SCV  
  54  4:22  SCV  
  54  4:24  Supply Depot  
  56  4:34  Marine x2  
  56  4:35  Command Center  
  56  4:38  SCV  
  59  4:42  SCV  
  60  4:47  Drilling Claws  
  60  4:50  SCV  
  60  4:52  Marine  
  62  4:53  Barracks Tech Lab  
  62  4:56  SCV  
  62  4:57  Marine  
  64  5:04  Refinery x2, Barracks  
  64  5:07  Siege Tank  
  64  5:08  Marauder  
  64  5:09  SCV  
  64  5:12  Bunker, Marine  
  69  5:15  Marine  
  69  5:17  Stimpack  
  69  5:19  SCV  
  71  5:25  SCV, Engineering Bay  
  71  5:26  Engineering Bay  
  70  5:30  Supply Depot  
  70  5:31  SCV  
  70  5:33  Marine  
  72  5:37  SCV  
  72  5:40  Siege Tank  
  76  5:47  SCV, Marine  
  78  5:51  Barracks Tech Lab  
  78  5:52  SCV  
  77  5:58  Supply Depot x2  
  77  5:59  Terran Infantry Weapons Level 1  
  77  6:01  Terran Infantry Armor Level 1  
  77  6:05  SCV  
  77  6:09  Orbital Command  
  78  6:12  Refinery  
  78  6:21  Medivac  
  76  6:26  Marauder, Marine  
  67  6:39  SCV  
  56  6:44  Marauder  
  50  6:47  Marine  
  50  6:53  Siege Tank  
  49  6:54  Marine  
  49  6:59  Marine  
  46  7:05  Marine x2  
  46  7:06  Medivac  
  50  7:10  SCV x2  
  52  7:20  SCV  
  52  7:22  SCV x2  
  55  7:23  Marine x2  
  55  7:24  Marauder  
  59  7:32  SCV  
  59  7:34  SCV x2  
  59  7:37  Marine  
  58  7:41  Viking, Marauder  
  62  7:44  SCV  
  62  7:46  SCV  
  62  7:47  SCV  
  62  7:49  Marine  
  66  7:56  SCV  
  66  7:58  SCV  
  66  7:59  SCV  
  66  8:04  Widow Mine x2  
  72  8:07  Marauder  
  72  8:08  SCV, Marauder  
  72  8:10  SCV, Marauder  
  72  8:11  SCV  
  81  8:13  Combat Shield  
  81  8:20  SCV, Medivac  
  81  8:22  SCV  
  81  8:26  SCV, Widow Mine  
  88  8:35  SCV, Concussive Shells  
  88  8:36  Marauder x2, Marine  
  88  8:38  SCV  
  95  8:42  Orbital Command  
  95  8:47  SCV  
  96  8:48  Barracks  
  96  8:49  Barracks  
  96  8:50  SCV  
  97  8:56  Widow Mine x2  
  97  8:58  Starport Reactor  
  97  8:59  SCV  
  97  9:01  Marine  
  97  9:02  SCV  
  104  9:06  Supply Depot  
  104  9:09  Bunker  
  105  9:10  SCV  
  105  9:11  SCV  
  105  9:13  Marauder  
  105  9:16  Marauder  
  110  9:22  SCV x2  
  112  9:25  Bunker  
  112  9:27  Widow Mine  
  112  9:28  SCV  
  115  9:34  SCV  
  115  9:37  Supply Depot  
  117  9:39  Supply Depot  
  117  9:40  Marine  
  117  9:41  SCV, Marauder  
  117  9:42  Marine  
  120  9:49  Barracks Reactor x2  
  121  9:54  Medivac x2  
  121  9:59  Marauder  
  121  10:00  Bunker, Marine  
  121  10:02  Marine  
  121  10:03  Missile Turret, Widow Mine x2  
  125  10:14  SCV x2  
  125  10:17  Marine  
  125  10:20  Marauder, Marine  
  131  10:24  Medivac x2  
  131  10:25  Widow Mine  
  131  10:26  Supply Depot  
  131  10:27  Supply Depot, Marine  
  137  10:30  Marine  
  137  10:33  Marine  
  129  10:35  Marine  
  129  10:37  Marine  
  129  10:38  Marauder  
  129  10:41  Marauder  
  118  10:45  Marine  
  118  10:48  Marine  
  117  10:50  Marine  
  117  10:54  Medivac x2, Marauder, Widow Mine  
  122  10:59  Marauder  
  122  11:00  Orbital Command  
  122  11:02  SCV  
  122  11:03  Marauder, Widow Mine  
  129  11:07  SCV  
  130  11:14  SCV  
  130  11:16  Marauder  
  131  11:20  SCV  
  132  11:26  SCV x2  
  132  11:32  SCV  
  135  11:34  Widow Mine  
  135  11:38  SCV  
  137  11:42  Widow Mine  
  139  11:51  Missile Turret  
  139  11:53  Marauder, Marine  
  141  11:54  Missile Turret  
  141  12:07  Widow Mine  
  141  12:08  Supply Depot  
  141  12:09  Supply Depot  
  141  12:10  Marauder  
  141  12:11  Medivac, Marine  
  141  12:12  Widow Mine, Terran Infantry Weapons Level 2  
  140  12:16  Marauder, Marine  
  140  12:17  Marine x2  
  140  12:21  Marine  
  142  12:25  Supply Depot  
  142  12:27  Terran Infantry Armor Level 2  
  134  12:33  Marauder, Marine  
  134  12:34  Marine  
  134  12:36  Marine  
  131  12:38  Marauder, Widow Mine  
  131  12:40  Marine  
  131  12:44  Marine  
  118  12:51  Marine  
  99  12:52  Marine  
  99  12:57  Marine  
  93  13:01  Widow Mine x2  
  95  13:07  Command Center  
  95  13:08  SCV  
  98  13:18  Marauder, Marine  
  101  13:20  Marauder, Ghost Academy  
  101  13:22  Widow Mine  
  101  13:24  Medivac  
  101  13:26  Medivac  
  107  13:34  Marine  
  113  13:47  Fusion Core  
  115  13:54  Ghost x2  
  115  13:55  Ghost, Marine x2  
  114  13:58  Widow Mine, Marine  
  114  14:00  Marine  
  116  14:10  Liberator x2  
  116  14:13  Marine  
  116  14:16  Marine  
  124  14:17  Marine  
  124  14:24  Marauder x3  
  131  14:27  Marine  
  131  14:31  Marine  
  132  14:38  Marine  
  128  14:45  Marauder  
  134  14:46  Advanced Ballistics  
  134  14:50  Orbital Command  
  130  14:55  Marauder x2  
  133  15:01  Liberator  
  133  15:05  Marine  
  133  15:06  Marauder  
  139  15:15  Liberator  
  139  15:17  Marauder  
  139  15:18  Marauder  
  139  15:20  SCV  
  147  15:21  SCV  
  147  15:27  Ghost  
  150  15:34  Marine  
  151  15:43  Liberator  
  151  15:45  Marauder  
  155  15:54  Marine  
  156  15:58  Liberator  
  156  16:00  Marauder, Marine, Sensor Tower  
  162  16:06  Marauder, Marine  
  165  16:14  Terran Infantry Weapons Level 3  
  165  16:15  Marauder  
  165  16:17  Marine  
  166  16:19  Marine  
  166  16:21  Marauder  
  169  16:30  Liberator  
  169  16:32  Marauder  
  169  16:41  Liberator  
  172  16:50  Marine  
  172  16:52  Orbital Command  
  173  16:55  Supply Depot  
  172  17:03  Marauder  
  172  17:05  Sensor Tower  
  172  17:06  Marine  
  173  17:17  Marauder x2  
  173  17:19  Marine  
  173  17:20  Marine  
  173  17:22  Marine  
  179  17:24  Marauder  
  179  17:25  Refinery  
  179  17:28  Refinery  
  181  17:38  Supply Depot  
  181  17:40  Supply Depot  
  179  17:54  SCV x2  
  179  17:57  Supply Depot  
  181  17:58  Supply Depot  
  181  17:59  SCV, Liberator  
  181  18:04  Medivac  
  187  18:06  SCV x2  
  187  18:11  SCV, Starport  
  190  18:18  SCV x2  
  192  18:27  Marauder, Marine  
  192  18:34  Liberator  
  192  18:36  Command Center  
  183  18:44  Liberator  
  185  18:50  Liberator  
  188  19:05  Refinery x2  
  188  19:10  Marauder x2, Marine  
  188  19:11  Marine  
  188  19:12  Marauder  
  196  19:17  Liberator  
  199  19:35  Medivac  
  199  19:51  Factory Reactor  
  199  19:54  Barracks  
  199  19:55  Barracks  
  199  20:00  Command Center  
  170  20:19  Marauder, Marine  
  173  20:22  SCV x2  
  175  20:30  Unknown, Liberator x4  
  175  20:31  Marauder, Marine x4  
  189  20:36  Marine  
  189  20:40  Marine  
  191  20:49  Marine x4  
  193  20:53  Marauder  
  193  20:54  Marine  
  185  20:58  Marauder  
  177  21:07  Marine x3  
  177  21:08  Marauder  
  175  21:12  Marine  
  175  21:13  Liberator x3  
  175  21:14  Marauder  
  178  21:20  Marauder  
  178  21:25  Marine x3  
  172  21:29  Marauder  
  159  21:34  Marine  
  159  21:36  Marauder  
  136  21:40  Marine  
  136  21:42  Marine  
  136  21:43  Marine  
  136  21:44  Marine  
  116  21:50  Marine  
  116  21:51  Marine  
  88  22:02  Marine  
  88  22:03  Marine  
  83  22:10  Planetary Fortress  
  73  22:30  Liberator  
  70  22:41  Bunker, Barracks, Barracks Tech Lab  
  70  22:43  Barracks  
  70  22:48  Barracks Tech Lab  
  70  23:03  SCV  
  73  23:05  Marauder  
  75  23:15  SCV  
  75  23:16  Marine x2  
  77  23:28  Ghost  
  77  23:29  Ghost  
  77  23:34  Marine x4  
  79  23:55  SCV x2, Supply Depot x2  
  73  24:04  Refinery  
Show
View Real Time Build Order
Export as new Build Order

Rail Protoss 

Build Orders: 1 Gate Expand, Blink Stalkers 

Get SALT Encoding   

  12  0:00  Probe  
  13  0:13  Pylon  
  13  0:18  Probe  
  14  0:31  Probe  
  14  0:32  Gateway  
  15  0:40  Probe  
  15  0:46  Assimilator  
  15  0:49  Probe  
  17  1:01  Probe  
  18  1:13  Probe  
  19  1:19  Cybernetics Core  
  19  1:33  Nexus  
  19  1:40  Assimilator  
  19  1:41  Probe  
  19  1:45  Adept  
  20  1:48  Pylon  
  20  1:58  Probe  
  20  2:00  Warp Gate  
  23  2:07  Stalker  
  23  2:08  Shield Battery  
  23  2:20  Probe  
  26  2:32  Probe  
  27  2:38  Stalker  
  29  2:44  Probe  
  29  2:47  Twilight Council  
  29  2:49  Probe  
  30  2:56  Probe  
  30  2:57  Probe  
  33  3:06  Probe  
  33  3:08  Probe  
  35  3:14  Gateway  
  35  3:21  Probe  
  35  3:25  Probe, Blink  
  37  3:35  Probe, Robotics Facility  
  37  3:39  Probe  
  37  3:40  Gateway  
  38  3:44  Probe  
  38  3:48  Probe  
  40  3:50  Stalker  
  40  3:52  Probe  
  43  3:57  Probe  
  43  3:58  Pylon  
  43  4:02  Probe  
  46  4:11  Warp Prism  
  46  4:15  Gateway  
  46  4:16  Probe  
  49  4:26  Pylon  
  49  4:27  Stalker  
  52  4:34  Assimilator  
  51  4:38  Stalker  
  51  4:41  Pylon  
  51  4:43  Probe  
  51  4:45  Observer  
  54  4:48  Stalker  
  56  4:56  Stalker  
  56  4:59  Observer  
  57  5:06  Stalker  
  60  5:11  Probe  
  60  5:12  Pylon  
  61  5:16  Stalker x2  
  65  5:27  Stalker  
  66  5:29  Probe x2  
  66  5:30  Stalker  
  71  5:50  Stalker x2  
  71  5:51  Stalker  
  71  5:53  Pylon  
  71  5:54  Stalker  
  74  6:13  Stalker x2  
  74  6:16  Probe, Stalker  
  74  6:17  Stalker  
  74  6:18  Pylon  
  83  6:20  Probe  
  80  6:28  Probe  
  73  6:33  Stalker  
  73  6:34  Probe  
  70  6:42  Probe, Stalker  
  70  6:44  Stalker  
  70  6:45  Zealot  
  70  6:47  Probe  
  70  6:54  Probe  
  70  6:59  Probe  
  70  7:01  Stalker  
  70  7:05  Assimilator  
  70  7:06  Probe  
  71  7:09  Robotics Bay  
  71  7:20  Stalker x2  
  75  7:23  Nexus  
  75  7:24  Pylon  
  75  7:26  Stalker  
  77  7:32  Observer  
  77  7:43  Colossus  
  77  7:53  Gateway  
  77  7:55  Gateway, Forge  
  77  7:56  Stalker x2, Sentry  
  77  7:58  Shield Battery  
  89  8:07  Zealot  
  89  8:11  Probe x2, Protoss Ground Weapons Level 1  
  93  8:14  Pylon  
  93  8:21  Adept x2  
  93  8:23  Probe x2  
  93  8:25  Pylon  
  99  8:35  Probe  
  99  8:40  Zealot x2  
  104  8:43  Charge  
  104  8:53  Stalker x3  
  110  8:56  Probe x2  
  110  8:58  Probe  
  113  9:12  Gateway  
  113  9:13  Gateway  
  113  9:14  Stalker x2  
  113  9:16  Assimilator  
  113  9:17  Sentry  
  113  9:23  Stalker x3  
  121  9:24  Observer  
  121  9:26  Pylon  
  121  9:31  Pylon  
  121  9:34  Pylon  
  121  9:37  Observer  
  121  9:39  Pylon  
  120  9:48  Probe x2, Stalker x3  
  120  9:51  Probe  
  121  10:02  Probe  
  122  10:20  Probe  
  118  10:21  Stalker x2  
  118  10:22  Stalker x4  
  118  10:27  Sentry x2  
  120  10:41  Probe  
  111  10:49  Stalker x4  
  109  10:55  Probe  
  107  11:00  Observer  
  107  11:02  Probe  
  107  11:10  Protoss Ground Armor Level 1  
  107  11:13  Probe  
  102  11:19  Probe  
  102  11:22  Probe  
  102  11:23  Probe  
  102  11:24  Photon Cannon  
  105  11:25  Photon Cannon  
  105  11:27  Photon Cannon  
  105  11:28  Stalker  
  105  11:29  Zealot  
  105  11:31  Probe x2  
  110  11:34  Probe  
  110  11:39  Probe  
  113  11:51  Probe  
  114  11:55  Warp Prism  
  114  11:57  Stalker x3, Sentry  
  122  12:02  Zealot  
  122  12:03  Probe  
  122  12:06  Zealot  
  125  12:08  Probe  
  125  12:18  Probe x2  
  125  12:20  Probe  
  121  12:25  Disruptor  
  113  12:30  Probe  
  113  12:31  Stalker  
  108  12:41  Stalker x2  
  102  12:46  Stalker  
  82  12:52  Stalker  
  82  12:53  Zealot x2  
  82  12:55  Observer  
  86  13:04  Sentry, Zealot  
  86  13:05  Zealot x2  
  93  13:07  Assimilator  
  93  13:11  Stalker  
  95  13:17  Stalker, Zealot x2  
  102  13:20  Probe  
  102  13:22  Observer  
  102  13:24  Stalker, Zealot x2  
  109  13:32  Stalker  
  111  13:36  Stalker, Zealot  
  111  13:38  Zealot  
  117  13:47  Sentry, Zealot x2  
  123  13:49  Stalker  
  125  13:59  Sentry, Zealot  
  125  14:00  Zealot  
  131  14:09  Stalker x2  
  135  14:14  Stalker x2  
  124  14:27  Stalker x3  
  111  14:39  Probe x2  
  111  14:41  Stalker, Sentry  
  111  14:42  Probe  
  111  14:45  Stalker  
  120  14:50  Stalker  
  120  14:51  Protoss Ground Weapons Level 2  
  122  14:59  Probe  
  121  15:00  Probe  
  121  15:05  Stalker x2, Zealot  
  128  15:14  Stalker  
  130  15:32  Zealot x3  
  134  15:37  Probe x3  
  137  15:46  Disruptor  
  140  15:51  Stalker  
  142  16:00  Stalker x2  
  142  16:03  Pylon  
  146  16:19  Stalker x3  
  152  16:27  Disruptor  
  154  16:40  Stalker  
  154  16:46  Stalker  
  157  16:53  Protoss Ground Armor Level 2  
  157  16:56  Pylon  
  150  17:32  Stalker x3, Sentry  
  150  17:35  Stalker  
  150  17:36  Stalker x2  
  162  17:50  Nexus  
  162  17:57  Pylon  
  162  18:01  Stalker  
  162  18:02  Sentry  
  163  18:18  Stalker x2  
  161  18:24  Probe  
  161  18:26  Probe  
  163  18:36  Probe  
  163  18:38  Probe  
  161  18:48  Probe  
  161  18:50  Probe  
  161  18:51  Stalker x2  
  164  19:00  Probe  
  165  19:03  Probe  
  165  19:09  Probe  
  167  19:14  Unknown  
  167  19:18  Probe  
  158  19:26  Disruptor  
  159  19:36  Stalker x5  
  159  19:38  Probe  
  167  19:39  Probe x2  
  167  20:01  Stalker x4  
  156  20:16  Protoss Ground Weapons Level 3  
  156  20:21  Stalker x4  
  152  20:34  Stalker  
  152  20:35  Stalker  
  146  21:02  Stalker x4  
  146  21:03  Stalker  
  49  21:47  Sentry x3  
  49  21:48  Stalker x3, Sentry  
  43  22:20  Stalker  
  43  22:21  Stalker  
  44  23:04  Probe  
  45  23:16  Probe  
  46  23:21  Stalker x4  
Tags
 
Add a new tag
Caveats
  • Supply blocks, unpowered buildings, or Contaminate may cause inaccurate times.
  • Supply counts are checked every 10 seconds.